 Dungeon Crawl Stone Soup version 0.30-a0-1050-g2766ea1e55 (webtiles) character file.

Game seed: 16720050012149246942

1705087 Lavandula the Acrobat (level 27, 228/228 HPs)
             Began as a Merfolk Transmuter on Apr 10, 2023.
             Was a High Priest of Okawaru.
             Escaped with the Orb
             ... and 3 runes!
             The game lasted 04:07:46 (66721 turns).

Lavandula the Acrobat (Merfolk Transmuter)         Turns: 66721, Time: 04:07:46

Health: 228/228    AC: 17    Str: 17    XL:     27
Magic:  31/40      EV: 37    Int: 13    God:    Okawaru [*****.]
Gold:   4330       SH:  0    Dex: 20    Spells: 6/62 levels left

rFire   + + +      SeeInvis .      - Unarmed
rCold   . . .      Faith    .    a - melded +1 buckler "Woir" {rElec rF++ rCorr Int+4}
rNeg    . . .      Spirit   .    H - +4 troll leather armour
rPois   +          Reflect  .    W - +2 hood of the Assassin {Detect Stab+ Stlth++}
rElec   +          Rampage  .    G - scarf "Kiutsib" {rC+ rF+, Fly rElec Slay+3}
rCorr   .                        V - melded +3 pair of gauntlets of War {Slay+5}
Will    ++...                    N - +1 pair of boots "Xumeonn" {rF++ Dex+3}
Stlth   +++                      T - amulet of regeneration
HPRegen 2.18/turn                M - +5 ring of evasion
MPRegen 0.27/turn                t - ring of wizardry

@: blade hands (expiring), heroic, flying
A: (nimble swimmer 2), mertail, claws 1, iridescent scales 2, dopey 1, low MP 1,
poison resistance, weak 1, evolution 1, no potion heal 1, cold vulnerability 1,
inability to read after injury 1
0: Orb of Zot
}: 3/15 runes: serpentine, barnacled, slimy
a: End Transformation, Renounce Religion, Heroism, Finesse, Duel


You escaped.
You worshipped Okawaru.
Okawaru was extremely pleased with you.
You had blades for hands.
You visited 12 branches of the dungeon, and saw 55 of its levels.
You also visited: Trove, Ice Cave, Volcano and Wizlab.

You collected 9523 gold pieces.
You spent 5193 gold pieces at shops.

Inventory:

Missiles
 b - 15 curare-tipped darts (quivered)
 c - 62 poisoned darts
 A - 12 throwing nets
Armour
 a - the +1 buckler "Woir" (melded) {rElec rF++ rCorr Int+4}
   (Okawaru gifted it to you on level 1 of the Orcish Mines)

   Int:       It affects your intelligence (+4).
   rF:        It greatly protects you from fire.
   rElec:     It insulates you from electricity.
   rCorr:     It protects you from acid and corrosion.
 d - the scarf of Zin's Benevolence {repulsion, Dex+4}
   (You acquired it on level 4 of the Dungeon)

   Dex:       It affects your dexterity (+4).
 F - a +2 helmet of see invisible
 G - the scarf "Kiutsib" (worn) {rC+ rF+, Fly rElec Slay+3}
   (You bought it in a shop on level 2 of the Vaults)

   Slay:      It affects your accuracy & damage with ranged weapons and melee
   (+3).
   rElec:     It insulates you from electricity.
   Fly:       It grants you flight.
 H - a +4 troll leather armour (worn)
 N - the +1 pair of boots "Xumeonn" (worn) {rF++ Dex+3}
   (You found it on level 2 of the Lair of Beasts)

   Dex:       It affects your dexterity (+3).
   rF:        It greatly protects you from fire.
 S - the +4 ring mail "Fiunneb" {rF++ rC+++ Str-4}
   (Okawaru gifted it to you on level 11 of the Dungeon)

   Str:       It affects your strength (-4).
   rF:        It greatly protects you from fire.
   rC:        It renders you almost immune to cold.
 V - the +3 pair of gauntlets of War (melded) {Slay+5}
   (You found it on level 1 of the Realm of Zot)

   Slay:      It affects your accuracy & damage with ranged weapons and melee
   (+5).
 W - the +2 hood of the Assassin (worn) {Detect Stab+ Stlth++}
   (Okawaru gifted it to you on level 3 of the Realm of Zot)

   Detect:    It allows the wearer to sense nearby creatures.
   Stab+:     It allows the wearer to make particularly effective stabbing
   attacks against helpless or unaware enemies with any weapon.
   Stlth:     It makes you much more stealthy.
Jewellery
 i - a ring of protection from cold
 j - the ring of Eternity {rF+ rC+ Str-2 Int+2}
   (You bought it in a shop on level 2 of the Orcish Mines)

   [ring of protection from cold]

   Str:       It affects your strength (-2).
   Int:       It affects your intelligence (+2).
   rF:        It protects you from fire.
   rC:        It protects you from cold.
 l - the ring "Boed" {rN+ Str+3 Int+3}
   (You found it on level 3 of the Realm of Zot)

   [ring of positive energy]

   Str:       It affects your strength (+3).
   Int:       It affects your intelligence (+3).
   rN:        It protects you from negative energy.
 t - a ring of wizardry (right blade hand)
 M - a +5 ring of evasion (left blade hand)
 O - a ring of resist corrosion
 P - the ring of Loixyrgh {Ice rElec rN+ Int+3}
   (You found it on level 3 of the Crypt)

   [ring of ice]

   It enhances your ice magic.
   Int:       It affects your intelligence (+3).
   rF:        It makes you vulnerable to fire.
   rC:        It protects you from cold.
   rElec:     It insulates you from electricity.
   rN:        It protects you from negative energy.
 T - an amulet of regeneration (around neck)
 U - the ring of the Ladybird {*Corrode rF++ rC+ SInv}
   (You took it off a deep elf annihilator on level 3 of the Elven Halls)

   [ring of protection from cold]

   rF:        It greatly protects you from fire.
   rC:        It protects you from cold.
   SInv:      It lets you see invisible.
   *Corrode:  It may corrode you when you take damage.
 X - a ring of willpower
 Y - an amulet of faith
Wands
 L - a wand of digging (2)
Scrolls
 g - 8 scrolls of poison
 h - 14 scrolls of teleportation
 k - 6 scrolls of torment
 m - 11 scrolls of fear
 o - 18 scrolls of magic mapping
 r - 10 scrolls of fog
 u - 7 scrolls of amnesia
 v - 6 scrolls of vulnerability
 x - 9 scrolls of blinking
 y - 8 scrolls of immolation
 E - 3 scrolls of silence
 K - 11 scrolls of enchant armour
Potions
 f - 32 potions of curing
 n - 13 potions of haste
 p - 10 potions of heal wounds
 q - 3 potions of berserk rage
 s - 5 potions of attraction
 w - 6 potions of brilliance
 z - 4 potions of magic
 B - 9 potions of might
 C - 16 potions of lignification
 D - 13 potions of flight
 I - 8 potions of ambrosia
 J - 7 potions of mutation
 Q - 2 potions of invisibility
 R - 9 potions of resistance


   Skills:
 - Level 21.0(26.0) Fighting
 - Level 5.0(10.0) Throwing
 - Level 25.3(27) Dodging
 - Level 11.3(16.3) Stealth
 - Level 4.0(9.0) Shields
 - Level 21.9(26.9) Unarmed Combat
 - Level 18.2 Spellcasting
 + Level 17.2 Hexes
 - Level 12.6 Translocations
 - Level 19.0 Transmutations
 - Level 12.0 Ice Magic
 - Level 7.0 Poison Magic
 - Level 12.0 Invocations


You had 6 spell levels left.
You knew the following spells:

 Your Spells              Type           Power      Damage    Failure   Level
a - Beastly Appendage     Tmut           100%       N/A       1%          1
b - Wereblood             Tmut           57%        N/A       1%          2
c - Spider Form           Tmut/Pois      45%        N/A       2%          3
d - Ice Form              Ice/Tmut       51%        N/A       2%          4
e - Apportation           Tloc           88%        N/A       1%          1
f - Ozocubu's Armour      Ice            43%        N/A       3%          3
g - Alistair's Intoxicat  Tmut/Pois      30%        N/A       6%          5
h - Eringya's Noxious Bo  Tmut/Pois      22%        N/A       12%         6
i - Blink                 Tloc           88%        N/A       2%          2
j - Confusing Touch       Hex            54%        N/A       1%          3
k - Blade Hands           Tmut           28%        N/A       2%          5
l - Dragon Form           Tmut           28%        N/A       9%          7
m - Dispersal             Tloc           22%        N/A       13%         6
n - Discord               Hex            27%        N/A       41%         8

Your spell library contained the following spells:

 Spells                   Type           Power      Damage    Failure   Level
 Ensorcelled Hibernation  Hex/Ice        98%        N/A       1%          2
 Lesser Beckoning         Tloc           88%        N/A       2%          2
 Gell's Gravitas          Tloc           44%        N/A       2%          3
 Portal Projectile        Hex/Tloc       100%       N/A       2%          3
 Teleport Other           Tloc           44%        N/A       2%          3
 Yara's Violent Unravell  Hex/Tmut       28%        3d12      2%          5
 Passwall                 Tmut/Erth      30%        N/A       3%          2
 Frozen Ramparts          Ice            86%        1d13      3%          3
 Dazzling Flash           Conj/Hex       68%        N/A       4%          3
 Ignite Poison            Fire/Tmut/Pois 34%        N/A       4%          3
 Passage of Golubria      Tloc           44%        N/A       4%          4
 Metabolic Englaciation   Hex/Ice        24%        N/A       4%          5
 Momentum Strike          Conj/Tloc      56%        3d9       5%          2
 Vhi's Electric Charge    Tloc/Air       56%        N/A       7%          3
 Volatile Blastmotes      Fire/Tloc      56%        2d14      7%          3
 Hailstorm                Conj/Ice       27%        3d7       8%          3
 Anguish                  Hex/Necr       17%        N/A       8%          4
 Leda's Liquefaction      Hex/Erth       17%        N/A       8%          4
 Poisonous Vapours        Pois/Air       40%        N/A       9%          2
 Cigotuvi's Dreadful Rot  Necr/Pois/Air  34%        N/A       11%         2
 Irradiate                Conj/Tmut      18%        3d17      11%         5
 Iskenderun's Mystic Bla  Conj/Tloc      28%        2d7       12%         4
 Silence                  Hex/Air        17%        N/A       13%         5
 Foxfire                  Conj/Fire      44%        2x1d6     16%         1
 Kiss of Death            Conj/Necr      44%        2d8       16%         1
 Magic Dart               Conj           44%        1d5       16%         1
 Necrotise                Necr           44%        1d6       16%         1
 Sandblast                Erth           22%        2d7       16%         1
 Mephitic Cloud           Conj/Pois/Air  17%        N/A       16%         3
 Scorch                   Fire           22%        2d6       19%         2
 Sublimation of Blood     Necr           11%        N/A       19%         2
 Stone Arrow              Conj/Erth      22%        3d8       28%         3
 Vampiric Draining        Necr           11%        2d6       28%         3
 Freezing Cloud           Conj/Ice/Air   11%        6-21      38%         5
 Dispel Undead            Necr           11%        3d9       54%         4
 Flame Wave               Conj/Fire      11%        2d6       54%         4
 Agony                    Necr           11%        N/A       82%         5
 Arcjolt                  Conj/Air       5%         1d15      82%         5
 Borgnjor's Vile Clutch   Necr/Erth      5%         N/A       82%         5
 Fireball                 Conj/Fire      5%         3d5       82%         5
 Iskenderun's Battlesphe  Conj           11%        2d7       82%         5
 Conjure Ball Lightning   Conj/Air       5%         3x3d6     99%         6
 Iron Shot                Conj/Erth      5%         9d2       99%         6
 Plasma Beam              Fire/Air       5%         2x1d17    99%         6
 Starburst                Conj/Fire      5%         6d4       99%         6
 Ozocubu's Refrigeration  Ice            21%        4d12      43%         7
 Storm Form               Tmut/Air       18%        N/A       69%         7
 Disjunction              Tloc           22%        N/A       87%         8
 Necromutation            Tmut/Necr      18%        N/A       99%         8
 Borgnjor's Revivificati  Necr           5%         N/A       100%        8
 Lehudib's Crystal Spear  Conj/Erth      5%         10d3      100%        8
 Chain Lightning          Conj/Air       5%         3d7       100%        9
 Death's Door             Necr           5%         N/A       100%        9
 Tukima's Dance           Hex            Unusable   N/A       N/A         3
 Summon Ice Beast         Ice/Summ       Unusable   N/A       N/A         4
 Summon Small Mammal      Summ           Unusable   N/A       N/A         1
 Call Imp                 Summ           Unusable   N/A       N/A         2
 Call Canine Familiar     Summ           Unusable   N/A       N/A         3
 Animate Armour           Summ/Erth      Unusable   N/A       N/A         4
 Animate Dead             Necr           Unusable   N/A       N/A         4
 Simulacrum               Ice/Necr       Unusable   N/A       N/A         6
 Death Channel            Necr           Unusable   N/A       N/A         6
 Summon Cactus Giant      Summ           Unusable   N/A       N/A         6
 Summon Hydra             Summ           Unusable   N/A       N/A         7

Dungeon Overview and Level Annotations

Branches:
Dungeon (15/15)            Temple (1/1) D:6            Lair (5/5) D:9
 Shoals (4/4) Lair:3        Snake (4/4) Lair:3        Slime (5/5) Lair:4
    Orc (2/2) D:9             Elf (3/3) Orc:2        Vaults (4/5) D:13
  Crypt (3/3) Vaults:3       Tomb (0/3) Crypt:3      Depths (4/4) D:15
    Zot (5/5) Depths:4      IceCv (visited)         Volcano (visited)
 WizLab (visited)

Altars:
Ashenzari
Cheibriados
Dithmenos
Elyvilon
Fedhas
Gozag
Hepliaklqana
Kikubaaqudgha
Makhleb
Nemelex Xobeh
Okawaru
Qazlal
Ru
Sif Muna
Trog
Uskayaw
Vehumet
Wu Jian
Xom
Yredelemnul
Zin
The Shining One
Jiyva
Lugonu

Shops:
D:4 ?   D:8 [   D:12 (   D:14 [   Orc:2 (*(*!!*=   Elf:1 [(*   Shoals:2 *
Shoals:3 !   Shoals:4 [   Snake:2 :=   Vaults:2 [   Depths:2 (

Portals:
Hell: Depths:1 Depths:2 Depths:3 Depths:4
Abyss: Lair:5 Snake:2 Depths:1 Depths:3 Depths:4
Pandemonium: Depths:1 Depths:2
Ziggurat: Depths:2

Annotations:
D:6 3 runed translucent doors, exclusion: troll, Route97's ghost, novice MiBe
D:14 Roxanne
Lair:1 exclusion: 3 oklob plants
Lair:2 exclusion: oklob plant
Shoals:4 exclusion: kraken
Snake:2 2 transporters, Taiq's ghost, adept OgIE
Elf:2 3 runed translucent doors
Vaults:2 6 runed translucent doors
Vaults:3 6 runed translucent doors
Depths:3 1 transporter
Zot:2 2 transporters, exclusion: obsidian statue
Zot:3 Vv


Innate Abilities, Weirdness & Mutations

You have blades for hands.
Your spellcasting is less reliable in this form.
You are incapable of wielding weapons or throwing items.
((You are very nimble when in or above water. (Stealth+, EV+, Speed+++)))
Your lower body shifts to a powerful aquatic tail in water.
You have sharp fingernails.
You are mostly covered in iridescent scales. (AC +4)
You are dopey. (Int -2)
Your magical capacity is low. (-10% MP)
Your system is resistant to poisons. (rPois)
You are weak. (Str -2)
You have hidden genetic potential.
Potions are less effective at restoring your health.
You are vulnerable to cold. (rC-)
You occasionally lose the ability to read scrolls when taking damage.


Message History

There is a stone staircase leading up here.
You fly upwards.
There is a stone staircase leading down here.
An Ice Fiend comes into view.
Casting: Dragon Form (mildly dangerous; 1% risk of failure)
Confirm with . or Enter, or press ? or * to list all spells.
You turn into a fearsome dragon!
The scarf "Kiutsib" {rC+ rF+, Fly rElec Slay+3} melds into your body.
The +2 hood of the Assassin {Detect Stab+ Stlth++} melds into your body.
The +3 pair of gauntlets of War {Slay+5} melds into your body.
The +1 pair of boots "Xumeonn" {rF++ Dex+3} melds into your body.
The +1 buckler "Woir" {rElec rF++ rCorr Int+4} melds into your body.
Your +4 troll leather armour melds into your body.
You feel hot and cold all over.
You float gracefully downwards.
Unknown command.
Casting: Dragon Form (mildly dangerous; 1% risk of failure)
Confirm with . or Enter, or press ? or * to list all spells.
Your transformation has ended.
The scarf "Kiutsib" {rC+ rF+, Fly rElec Slay+3} unmelds from your body.
The +2 hood of the Assassin {Detect Stab+ Stlth++} unmelds from your body.
The +3 pair of gauntlets of War {Slay+5} unmelds from your body.
The +1 pair of boots "Xumeonn" {rF++ Dex+3} unmelds from your body.
The +1 buckler "Woir" {rElec rF++ rCorr Int+4} unmelds from your body.
Your +4 troll leather armour unmelds from your body.
You feel resistant to extremes of temperature.
You fly up into the air.
Your hands turn into razor-sharp scythe blades.
The +3 pair of gauntlets of War {Slay+5} melds into your body.
The +1 buckler "Woir" {rElec rF++ rCorr Int+4} melds into your body.
Okay, then.
You gain the combat prowess of a mighty hero.
You shred the Ice Fiend!!!!
The Ice Fiend is almost dead.
You slash the Ice Fiend! x2
You kill the Ice Fiend!
Okawaru accepts your kill.
There is an open door here.
Your transformation is almost over.
There is a staircase leading out of the dungeon here.
You have escaped!

#########
#~P≈≈..@#
#~~~.####
#~.~.~.~#
#~.~.≈P≈#
#~~P.P≈≈#
#.≈.~.~~#
#~...P.~#
#+#####'##
#........###


There were no monsters in sight!

Vanquished Creatures
  the Royal Jelly (Slime:5)
  Tiamat (Arena)
  A dread lich (Zot:5)
  A pandemonium lord (D:11)
  An ancient lich (Zot:5)
  6 orbs of fire
  The ghost of Ivui the Gargoyle Porcupine, a legendary GrMo of Okawaru (Zot:1)
  Bai Suzhen (Vaults:3)
  2 curse toes
  A Killer Klown (Zot:5)
  The ghost of Majang the Brawler, an adept TrFi of Cheibriados (Vaults:3)
  7 golden dragons
  2 bone dragons (Depths:4)
  2 electric golems
  11 tentacled monstrosities
  An Ice Fiend (D:1)
  Rupert (Lair:3)
  4 liches
  Jorgrun (Snake:3)
  6 quicksilver dragons
  21 Orb Guardians
  2 deep elf blademasters (Elf:3)
  The ghost of Oshuy the Hoplite, an adept GrFi of Hepliaklqana (Vaults:2)
  Asterion (Snake:1)
  2 deep elf master archers (Elf:3)
  Frances (Snake:1)
  7 ancient champions
  17 acid blobs
  5 sphinxes
  3 death cobs
  9 storm dragons
  Donald (Snake:1)
  8 shadow dragons
  16 draconian monks
  10 rockslimes
  7 nagarajas
  4 tengu reavers
  3 revenants
  5 fire giants
  6 azure jellies
  3 iron dragons
  An emperor scorpion (shapeshifter) (Vaults:3)
  2 ghost moths
  13 draconian knights
  7 deep elf sorcerers
  8 draconian shifters
  Louise (D:15)
  6 frost giants
  11 vault wardens
  A spectral caustic shrike (WizLab)
  4 ghouls
  A caustic shrike zombie (WizLab)
  3 curse skulls
  A balrug (Zot:2)
  3 orc warlords
  A deep elf elementalist (Elf:3)
  9 draconian scorchers
  5 quicksilver oozes
  7 stone giants
  2 war gargoyles (Vaults:4)
  4 draconian stormcallers
  2 spriggan defenders (Depths:4)
  10 draconian annihilators
  19 ironbound preservers
  9 vampire knights
  A juggernaut skeleton (Depths:1)
  6 ironbound thunderhulks
  Nessos (D:12)
  16 green draconians
  36 very ugly things
  9 deep elf demonologists
  21 purple draconians
  6 spark wasps
  Azrael (Orc:2)
  12 deep elf annihilators (Elf:3)
  4 halazid warlocks
  7 dire elephants
  17 yellow draconians
  13 white draconians
  12 red draconians
  An ettin (shapeshifter) (Depths:4)
  10 black draconians
  Snorg (Orc:2)
  11 jiangshi
  8 deep elf death magi
  A crystal guardian (Vaults:2)
  6 eidola
  5 merfolk javelineers
  13 merfolk impalers
  3 deep elf high priests
  5 entropy weavers
  4 ettins
  12 fire dragons
  A quicksilver dragon zombie (Crypt:2)
  4 salamander tyrants
  7 great orbs of eyes
  8 vault guards
  8 ice dragons
  2 rakshasas
  8 yaktaur captains
  3 ogre magi
  2 hell beasts (Depths:1)
  Harold (Orc:1)
  Fannar (Orc:1)
  2 caustic shrike simulacra (IceCv)
  5 spriggan air magi
  4 ghost crabs
  4 hydras
  4 peacekeepers
  12 centaur warriors
  2 alligator snapping turtles
  5 merfolk avatars
  7 ironbound frosthearts
  11 anacondas
  17 dancing weapons
  7 merfolk aquamancers
  4 death knights
  6 deep troll earth magi
  3 satyrs (Shoals:3)
  5 boulder beetles
  4 titan zombies
  6 death yaks (Lair:5)
  16 naga warriors
  8 two-headed ogres
  An orc high priest (Elf:1)
  9 naga sharpshooters
  2 shock serpents
  8 deep troll shamans
  5 tengu warriors
  12 deep elf knights
  12 vampire magi
  Sonja (D:12)
  3 thrashing horrors (Lair:5)
  3 spriggan berserkers (Depths:4)
  4 soul eaters
  2 hell knights
  15 shadow wraiths
  A fire crab (shapeshifter) (Elf:1)
  3 sun demons (Zot:2)
  23 skeletal warriors
  6 skysharks
  8 iron trolls
  6 fire crabs (D:13)
  A sixfirhy (Depths:1)
  4 salamander mystics
  An anaconda zombie (Crypt:1)
  15 sea snakes
  A spark wasp zombie (WizLab)
  7 glowing orange brains
  7 wizards
  10 flayed ghosts
  74 deep trolls
  5 naga ritualists
  An anaconda skeleton (Crypt:1)
  A spriggan simulacrum (IceCv)
  14 ironbound convokers
  2 obsidian statues (IceCv)
  A swamp dragon (shapeshifter) (Vaults:4)
  A bog body (IceCv)
  16 lindwurms
  Pikel (D:7)
  14 deep elf archers
  21 harpies
  19 deep elf zephyrmancers
  39 phantasmal warriors
  4 necromancers
  A wolf spider (shapeshifter) (Depths:2)
  11 orc knights
  32 deep elf pyromancers
  A shadow dragon skeleton (Crypt:2)
  3 orc sorcerers
  A spectral spriggan (WizLab)
  7 mana vipers
  14 manticores
  A salamander (shapeshifter) (D:13)
  7 shining eyes
  8 fauns
  43 ugly things
  13 salamanders
  21 cyclopes
  A fire giant zombie (Depths:1)
  A spectral centaur (Crypt:3)
  21 moths of wrath
  Maurice (D:12)
  An apocalypse crab (D:13)
  68 slime creatures
  10 merfolk sirens
  A black mamba (shapeshifter) (Lair:5)
  5 guardian serpents
  3 elephants (Lair:5)
  20 vault sentinels
  3 smoke demons (Lair:5)
  11 naga magi
  3 gargoyles
  37 black mambas
  9 water nymphs
  12 cane toads
  A shock serpent skeleton (Crypt:2)
  An unseen horror (D:11)
  A molten gargoyle (Volcano)
  3 centaur skeletons
  An unseen horror zombie (Crypt:3)
  A white draconian zombie (Crypt:3)
  An orb spider zombie (Crypt:1)
  A hellion (Zot:2)
  4 rime drakes
  9 komodo dragons
  A cane toad (shapeshifter) (Lair:5)
  2 efreet (D:14)
  10 freezing wraiths
  A yaktaur (shapeshifter) (Elf:3)
  A death yak zombie (Crypt:1)
  A green draconian zombie (Crypt:3)
  3 spectral harpies (WizLab)
  2 ancient zymes (Lair:5)
  An anaconda simulacrum (IceCv)
  19 yaktaurs
  2 white draconian skeletons (Crypt:2)
  A red devil (Zot:2)
  5 wind drakes
  4 golden dragon simulacra (IceCv)
  3 harpy zombies (WizLab)
  A pale draconian skeleton (Crypt:1)
  A meliai (shapeshifter) (Elf:2)
  A catoblepas skeleton (Crypt:3)
  A large abomination (Lair:5)
  9 hornets
  A polar bear (Lair:5)
  5 trolls
  A tarantella (Vaults:1)
  A raiju (shapeshifter) (D:15)
  A yellow draconian skeleton (Crypt:2)
  A harpy skeleton (Crypt:1)
  30 merfolk
  12 dream sheep
  Grinder (D:4)
  16 snapping turtles
  A death drake skeleton (Crypt:2)
  An ettin zombie (Depths:1)
  16 blink frogs (Lair:5)
  17 flying skulls
  4 air elementals
  An ettin skeleton (Crypt:1)
  3 spriggans
  39 yaks
  A vampire (D:11)
  18 wraiths
  2 humans (D:13)
  28 water elementals
  11 shadows
  A yak (shapeshifter) (Vaults:2)
  9 fire elementals
  2 fire bats (Volcano)
  2 ynoxinuls
  6 vampire mosquitoes
  3 golden eyes
  A wyvern (Lair:2)
  3 basilisks
  A chaos spawn (Lair:5)
  A steam dragon (D:9)
  A wind drake skeleton (Crypt:1)
  A redback (Vaults:1)
  Menkaure (D:5)
  A demonspawn zombie (Crypt:2)
  9 wargs
  14 water moccasins
  A water nymph zombie (Crypt:1)
  47 nagas
  2 acid dragons
  A floating eye (Depths:3)
  3 hell hounds (Orc:2)
  A swamp drake (D:9)
  14 small abominations (Lair:5)
  2 sky beasts (D:8)
  3 black bears
  An alligator simulacrum (IceCv)
  43 orc warriors
  2 ice beasts
  2 ettin simulacra (IceCv)
  12 ogres
  12 wolves
  18 centaurs
  A snapping turtle skeleton (Crypt:1)
  2 lemures (D:7)
  3 phantoms (D:5)
  4 kobold brigands
  3 gnoll sergeants
  2 necrophages (Crypt:3)
  3 scorpions
  5 bullfrogs
  A wyvern zombie (Crypt:2)
  2 deep troll simulacra (IceCv)
  3 earth elementals (Elf:3)
  A salamander skeleton (Crypt:3)
  7 wights (D:7)
  A cyclops skeleton (Crypt:1)
  3 electric eels
  4 howler monkeys
  3 lava snakes (Volcano)
  2 jellies (D:5)
  23 orc priests
  3 hounds
  A gnoll bouda (D:6)
  A sleepcap (D:6)
  5 iguanas
  29 orc wizards
  A boggart skeleton (Crypt:3)
  Robin (D:3)
  13 gnolls
  A steam dragon zombie (Crypt:1)
  5 adders
  2 shadow imps
  2 swamp drake skeletons (Crypt:2)
  A white imp (D:6)
  An ufetubus (D:4)
  An iguana skeleton (Crypt:1)
  2 worms
  2 dart slugs
  108 orcs
  8 endoplasms
  6 giant cockroaches
  13 goblins
  10 hobgoblins
  2 quokkas
  7 ball pythons
  A bat (D:2)
  2 frilled lizards (D:2)
  A hobgoblin skeleton (Crypt:3)
  28 kobolds
  6 rats
2345 creatures vanquished.

Vanquished Creatures (others)
  An ironbound preserver (Vaults:3)
  An ettin (Depths:3)
  A deep elf pyromancer (Elf:2)
  A yaktaur (D:15)
  2 flying skulls (WizLab)
  An air elemental (Elf:1)
  2 orcs
  11 fungi
  80 plants
100 creatures vanquished.

Grand Total: 2445 creatures vanquished

Notes
Turn   | Place    | Note
-------+----------+-------------------------------------------
     0 | D:1      | Lavandula the Merfolk Transmuter began the quest for the
                  | Orb.
     0 | D:1      | Reached XP level 1. HP: 15/15 MP: 3/3
   148 | D:1      | Reached XP level 2. HP: 20/21 MP: 3/5
   210 | D:1      | Learned a level 2 spell: Wereblood
   592 | D:2      | Reached XP level 3. HP: 21/26 MP: 4/6
   596 | D:2      | Learned a level 3 spell: Spider Form
  1362 | D:3      | Found a faded altar of an unknown god.
  1364 | D:3      | Reached skill level 1 in Poison Magic
  1368 | D:3      | Reached XP level 4. HP: 32/32 MP: 3/7
  1374 | D:3      | Noticed a scorpion
  1385 | D:3      | Killed a scorpion
  1386 | D:3      | Reached XP level 5. HP: 37/37 MP: 2/8
  1445 | D:3      | Found a faded altar of an unknown god.
  1448 | D:3      | Found an opulent altar of Gozag.
  1448 | D:3      | You fall into a shaft and drop 1 floor!
  1467 | D:4      | Found Hivaag's Magic Scroll Boutique.
  1475 | D:4      | Bought a scroll of teleportation for 30 gold pieces
  1475 | D:4      | Bought a scroll of fear for 40 gold pieces
  1526 | D:3      | Found a basalt altar of Yredelemnul.
  1664 | D:3      | Noticed Robin
  1679 | D:3      | Killed Robin
  1688 | D:3      | Reached skill level 5 in Transmutations
  1963 | D:3      | Found a white marble altar of Elyvilon.
  2207 | D:4      | Found a hide-covered altar of Uskayaw.
  2219 | D:4      | Noticed a +0 hand axe
  2219 | D:4      | Noticed a +0 hand axe
  2315 | D:4      | Noticed a black bear
  2323 | D:4      | Killed a black bear
  2324 | D:4      | Reached XP level 6. HP: 43/43 MP: 2/9
  2488 | D:4      | Identified a scroll of acquirement
  2549 | D:4      | Noticed Grinder
  2552 | D:4      | Paralysed by Grinder for 2 turns
  2563 | D:4      | Killed Grinder
  2564 | D:4      | Reached skill level 5 in Unarmed Combat
  2564 | D:4      | Reached XP level 7. HP: 37/48 MP: 6/11
  2566 | D:4      | Acquired the scarf of Zin's Benevolence {repulsion, Dex+4}
  3179 | D:4      | Bought a scroll of summoning for 95 gold pieces
  3179 | D:4      | Bought a scroll of amnesia for 40 gold pieces
  3179 | D:4      | Bought a scroll of vulnerability for 40 gold pieces
  3182 | D:5      | Entered Level 5 of the Dungeon
  3272 | D:5      | Learned a level 4 spell: Ice Form
  3423 | D:5      | Reached XP level 8. HP: 26/54 MP: 9/12
  3449 | D:5      | Acquired 1109 gold pieces
  3585 | D:5      | Reached skill level 1 in Ice Magic
  4510 | D:6      | Noticed Menkaure
  4521 | D:5      | Killed Menkaure
  4652 | D:6      | Noticed a troll
  4800 | D:6      | Reached skill level 5 in Fighting
  5062 | D:6      | Reached XP level 9. HP: 67/69 MP: 9/13
  5097 | D:6      | Noticed a two-headed ogre
  5101 | D:6      | Killed a two-headed ogre
  5274 | D:6      | Found a staircase to the Ecumenical Temple.
  5292 | Temple   | Entered the Ecumenical Temple
  5361 | Temple   | Became a worshipper of Warmaster Okawaru
  5468 | D:6      | Found a glowing silver altar of Zin.
  5505 | D:6      | Reached skill level 1 in Invocations
  5739 | D:6      | Found a runed translucent gate.
  5739 | D:6      | Found a runed translucent gate.
  5739 | D:6      | Found a runed translucent gate.
  5740 | D:6      | Noticed Route97's ghost (novice MiBe)
  5761 | D:6      | Found a broken altar of Ashenzari.
  6176 | D:7      | Reached skill level 5 in Invocations
  6180 | D:7      | Reached skill level 3 in Dodging
  6256 | D:7      | Reached XP level 10. HP: 75/82 MP: 10/14
  6443 | D:7      | Reached * piety under Okawaru
  6678 | D:7      | Noticed Pikel
  6707 | D:7      | Killed Pikel
  7042 | D:7      | Reached skill level 5 in Spellcasting
  7042 | D:7      | Reached skill level 4 in Dodging
  7648 | D:8      | Found Mijid's Armour Boutique.
  7653 | D:8      | Bought the +1 pair of gloves of Instinct {Int+5} for 270
                  | gold pieces
  7665 | D:8      | Reached ** piety under Okawaru
  7666 | D:8      | Reached skill level 5 in Dodging
  7668 | D:8      | Reached skill level 6 in Dodging
  7682 | D:8      | Reached skill level 7 in Dodging
  8315 | D:8      | Found a blossoming altar of Fedhas.
  8545 | D:8      | Reached *** piety under Okawaru
  9270 | D:9      | Reached skill level 10 in Unarmed Combat
  9270 | D:9      | Reached XP level 11. HP: 69/87 MP: 14/18
  9704 | D:9      | Found a staircase to the Lair.
  9814 | D:9      | Reached **** piety under Okawaru
 10134 | D:9      | Found a staircase to the Orcish Mines.
 10273 | D:10     | Entered Level 10 of the Dungeon
 10954 | D:10     | Identified the +6 flail of Fundamental Breach {elec, Dex+2}
 11112 | Orc:1    | Entered Level 1 of the Orcish Mines
 11112 | Orc:1    | Noticed a cyclops
 11123 | Orc:1    | Killed a cyclops
 11142 | Orc:1    | Noticed a two-headed ogre
 11149 | Orc:1    | Killed a two-headed ogre
 11149 | Orc:1    | Reached ***** piety under Okawaru
 11150 | Orc:1    | Noticed an ogre mage
 11157 | Orc:1    | Killed an ogre mage
 11351 | Orc:1    | Noticed an orc sorcerer
 11361 | Orc:1    | Killed an orc sorcerer
 11569 | Orc:1    | Noticed a cyclops
 11590 | Orc:1    | Killed a cyclops
 11590 | Orc:1    | Identified the +1 buckler "Woir" {rElec rF++ rCorr Int+4}
                  | (Okawaru gifted it to you on level 1 of the Orcish Mines)
 11590 | Orc:1    | Received a gift from Okawaru
 11652 | Orc:1    | Noticed a cyclops
 11663 | Orc:1    | Killed a cyclops
 11680 | Orc:1    | Noticed a cyclops
 11680 | Orc:1    | Noticed a cyclops
 11680 | Orc:1    | Noticed a cyclops
 11680 | Orc:1    | Noticed a cyclops
 11680 | Orc:1    | Noticed a cyclops
 11685 | Orc:1    | Killed a cyclops
 11686 | Orc:1    | Reached XP level 12. HP: 94/94 MP: 14/19
 11876 | Orc:1    | Reached skill level 8 in Dodging
 12006 | Orc:1    | Noticed Fannar
 12026 | Orc:1    | Killed Fannar
 12072 | Orc:1    | Reached skill level 9 in Dodging
 12180 | Orc:1    | Noticed Harold
 12361 | Orc:1    | Killed Harold
 12362 | Orc:1    | Reached skill level 10 in Dodging
 12741 | Orc:1    | Reached skill level 11 in Dodging
 12810 | Orc:1    | Learned a level 1 spell: Apportation
 12814 | Orc:1    | Learned a level 3 spell: Ozocubu's Armour
 12870 | Orc:1    | Noticed a stone giant
 12886 | Orc:1    | Reached skill level 12 in Dodging
 12894 | Orc:1    | Killed a stone giant
 12904 | Orc:1    | Identified the +3 quarterstaff of Akhli {freeze, Dex+3
                  | Stlth+}
 12968 | Orc:1    | Identified the +11 mace of the Lumpy Hosts {pain, Fly rElec
                  | Str+3}
 12988 | Orc:1    | Got the Catalogue of Toxins
 13125 | Lair:1   | Entered Level 1 of the Lair of Beasts
 13805 | Lair:1   | Reached XP level 13. HP: 101/101 MP: 20/20
 13976 | Lair:1   | Learned a level 5 spell: Alistair's Intoxication
 14220 | Lair:2   | Found a shadowy altar of Dithmenos.
 14501 | Lair:2   | Identified the +2 pair of boots of Divine Compulsion
                  | {rCorr}
 14742 | Lair:2   | Identified the +1 pair of boots "Xumeonn" {rF++ Dex+3}
 14854 | Lair:2   | Learned a level 6 spell: Eringya's Noxious Bog
 15100 | Lair:3   | Reached ****** piety under Okawaru
 15122 | Lair:3   | Identified the +9 chain mail of Okawaru's Reproof {Rampage
                  | Int-4 Slay+2} (Okawaru gifted it to you on level 3 of the
                  | Lair of Beasts)
 15122 | Lair:3   | Received a gift from Okawaru
 15394 | Lair:3   | Noticed Rupert
 15411 | Lair:3   | Killed Rupert
 15412 | Lair:3   | Reached skill level 5 in Poison Magic
 15753 | Lair:3   | Found a staircase to the Snake Pit.
 16024 | Lair:4   | Reached skill level 10 in Transmutations
 16092 | Lair:4   | Found a dark tunnel.
 16097 | Volcano  | Entered a volcano
 16335 | Volcano  | Found a bloodstained altar of Trog.
 16364 | Volcano  | Identified the scarf of the Poles {harm, rC+ rCorr Str+2}
                  | (Okawaru gifted it to you in a volcano)
 16364 | Volcano  | Received a gift from Okawaru
 16537 | Lair:4   | Found a viscous altar of Jiyva.
 16538 | Lair:4   | Found a staircase to the Slime Pits.
 16649 | Lair:4   | Identified the +0 robe "Otudinay" {rN+ Slay+3}
 16837 | Lair:4   | Reached XP level 14. HP: 108/108 MP: 21/24
 16895 | Lair:4   | Found a shimmering blue altar of Sif Muna.
 17276 | Lair:5   | Entered Level 5 of the Lair of Beasts
 17482 | Lair:5   | Reached skill level 15 in Transmutations
 17802 | Lair:5   | Received a gift from Okawaru
 18289 | Lair:5   | Found a corrupted altar of Lugonu.
 18289 | Lair:5   | Found a one-way gate to the infinite horrors of the Abyss.
 18298 | Lair:5   | Identified the +8 short sword "Seryirgh" {venom, rPois}
 19491 | D:11     | Identified the +4 ring mail "Fiunneb" {rF++ rC+++ Str-4}
                  | (Okawaru gifted it to you on level 11 of the Dungeon)
 19491 | D:11     | Received a gift from Okawaru
 19563 | D:11     | Identified the +0 plate armour of Meuf {Rampage rF- Dex-3
                  | SInv}
 20044 | D:11     | Reached XP level 15. HP: 114/114 MP: 19/28
 20048 | D:11     | Reached skill level 10 in Spellcasting
 20368 | D:12     | Noticed Sonja
 20374 | D:12     | Killed Sonja
 20637 | D:12     | Found Riedytz's Weapon Shoppe.
 20665 | D:12     | Noticed Maurice
 20668 | D:12     | Reached skill level 15 in Unarmed Combat
 20855 | D:12     | Killed Maurice
 20914 | D:12     | Noticed Nessos
 20920 | D:12     | Killed Nessos
 21293 | D:12     | Found the +18 shield of the Gong {Loud rN+ Will+ rCorr
                  | EV-5}
 22160 | D:13     | Found a gate to the Vaults.
 22293 | D:13     | Received a gift from Okawaru
 22325 | D:13     | Found a runed translucent door.
 23641 | Arena    | Entered the Arena
 23913 | D:13     | Learned a level 2 spell: Blink
 24140 | D:14     | Reached skill level 1 in Translocations
 24217 | D:14     | Found Tetruexe's Antique Armour Shop.
 24225 | D:14     | Bought a glowing cloak for 307 gold pieces
 24627 | D:14     | Reached XP level 16. HP: 120/120 MP: 25/30
 24937 | Orc:2    | Entered Level 2 of the Orcish Mines
 24937 | Orc:2    | Found a staircase to the Elven Halls.
 24945 | Orc:2    | Noticed Snorg
 24958 | Orc:2    | Killed Snorg
 25117 | Orc:2    | Noticed Azrael
 25248 | Orc:2    | Killed Azrael
 25316 | Orc:2    | Found Peoskur's Weapon Emporium.
 25401 | Orc:2    | Found Goess's General Store.
 25414 | Orc:2    | Found Iphe's Jewellery Shoppe.
 25416 | Orc:2    | Bought a potion of mutation for 120 gold pieces
 25584 | Orc:2    | Bought the ring of Eternity {rF+ rC+ Str-2 Int+2} for 390
                  | gold pieces
 25610 | Orc:2    | Found Daphigud's Assorted Antiques.
 25616 | Orc:2    | Bought a scroll of teleportation for 81 gold pieces
 25616 | Orc:2    | Bought a scroll of teleportation for 81 gold pieces
 25616 | Orc:2    | Bought a scroll of teleportation for 81 gold pieces
 25616 | Orc:2    | Bought a potion of haste for 270 gold pieces
 25616 | Orc:2    | Bought a potion of mutation for 216 gold pieces
 25688 | Orc:2    | Identified the +2 robe of Narcissism {rF+ Str+3 Int+2
                  | Stlth+} (Okawaru gifted it to you on level 2 of the Orcish
                  | Mines)
 25688 | Orc:2    | Received a gift from Okawaru
 25812 | Orc:2    | Found Kylleisept's General Store.
 25812 | Orc:2    | Found Leptutwaxo's Distillery.
 25814 | Orc:2    | Found Goap's Distillery.
 25816 | Orc:2    | Found Pyenac's Antique Weapon Shoppe.
 25828 | Orc:2    | Bought a potion of flight for 42 gold pieces
 25829 | Orc:2    | Bought a potion of might for 52 gold pieces
 25829 | Orc:2    | Bought 2 potions of lignification for 78 gold pieces
 25829 | Orc:2    | Bought a potion of lignification for 39 gold pieces
 25829 | Orc:2    | Bought a potion of curing for 39 gold pieces
 25829 | Orc:2    | Bought a potion of curing for 39 gold pieces
 25829 | Orc:2    | Bought a potion of attraction for 39 gold pieces
 25829 | Orc:2    | Bought a potion of resistance for 130 gold pieces
 25831 | Orc:2    | Bought a potion of curing for 33 gold pieces
 25831 | Orc:2    | Bought a potion of cancellation for 88 gold pieces
 25831 | Orc:2    | Bought a potion of might for 44 gold pieces
 25831 | Orc:2    | Bought a potion of mutation for 88 gold pieces
 26261 | Orc:2    | Bought a potion of haste for 150 gold pieces
 26261 | Orc:2    | Bought 2 potions of haste for 300 gold pieces
 26566 | D:14     | Found a broken altar of Ashenzari.
 26631 | D:14     | Noticed Roxanne
 26822 | D:15     | Entered Level 15 of the Dungeon
 26913 | D:15     | Noticed Louise
 27150 | Shoals:1 | Entered Level 1 of the Shoals
 27588 | Shoals:1 | Identified the +6 war axe of the Median {freeze, rF- Str+8}
 27872 | Shoals:1 | Identified the +1 robe of Orthodoxy {Str+3} (Okawaru gifted
                  | it to you on level 1 of the Shoals)
 27872 | Shoals:1 | Received a gift from Okawaru
 27873 | Shoals:1 | Reached skill level 10 in Fighting
 27895 | Shoals:1 | Reached skill level 1 in Throwing
 28634 | Arena    | Entered the Arena
 28896 | Shoals:2 | Reached XP level 17. HP: 121/128 MP: 26/31
 28967 | Shoals:2 | You fall into a shaft and drop 1 floor!
 28994 | Shoals:3 | Reached skill level 5 in Throwing
 29076 | Shoals:3 | Learned a level 3 spell: Confusing Touch
 29221 | Shoals:3 | Found a frozen archway.
 29226 | IceCv    | Entered an ice cave
 29535 | IceCv    | Reached skill level 1 in Hexes
 29847 | IceCv    | Noticed an Ice Fiend
 30164 | Shoals:3 | Found Lapekolu's Distillery.
 30216 | Shoals:3 | Bought a potion of heal wounds for 95 gold pieces
 30216 | Shoals:3 | Bought a potion of haste for 190 gold pieces
 30216 | Shoals:3 | Bought 2 potions of curing for 114 gold pieces
 30216 | Shoals:3 | Bought a potion of lignification for 57 gold pieces
 30216 | Shoals:3 | Bought 2 potions of curing for 114 gold pieces
 30216 | Shoals:3 | Bought a potion of resistance for 190 gold pieces
 30335 | Shoals:3 | Identified the +5 long sword of Slime {vamp, rF+}
 30754 | Shoals:2 | Found Plog's Assorted Antiques.
 30805 | Shoals:2 | Received a gift from Okawaru
 31118 | Shoals:4 | Entered Level 4 of the Shoals
 31237 | Shoals:4 | Received a gift from Okawaru
 31301 | Shoals:4 | Got a barnacled rune of Zot
 31530 | Shoals:4 | Reached skill level 13 in Dodging
 31684 | Shoals:4 | Noticed a kraken
 31882 | Shoals:4 | Identified the +0 scale mail "Mivij" {rF+ Str+3} (Okawaru
                  | gifted it to you on level 4 of the Shoals)
 31882 | Shoals:4 | Received a gift from Okawaru
 31976 | Shoals:4 | Identified the +1 chain mail of Life {-Cast +Blink Will++}
 32047 | Shoals:4 | Reached skill level 14 in Dodging
 32108 | Shoals:4 | Reached XP level 18. HP: 84/145 MP: 25/32
 32357 | Shoals:4 | Found Ycleisu's Armour Shoppe.
 32565 | Shoals:4 | Reached skill level 15 in Dodging
 32769 | Snake:1  | Entered Level 1 of the Snake Pit
 33416 | Snake:1  | Noticed Frances
 33422 | Snake:1  | Reached skill level 16 in Dodging
 33434 | Snake:1  | Killed Frances
 33907 | Snake:1  | Identified the +1 kite shield of Abaidokh {Harm Will+ Str+3
                  | Dex-4}
 33907 | Snake:1  | Noticed Asterion
 33919 | Snake:1  | Killed Asterion
 33920 | Snake:1  | Reached skill level 15 in Fighting
 34110 | Snake:1  | Identified the +0 great sword of Evolution {spect, +Blink
                  | rElec rF+ Str+4}
 34135 | Snake:1  | Noticed Donald
 34145 | Snake:1  | Killed Donald
 34258 | Snake:1  | Received a gift from Okawaru
 34627 | Snake:2  | Identified the +0 eveningstar of the Beast {heavy, *Slow
                  | rN++} (Okawaru gifted it to you on level 2 of the Snake
                  | Pit)
 34627 | Snake:2  | Received a gift from Okawaru
 34819 | Snake:2  | Found a transporter.
 34820 | Snake:2  | Noticed Taiq's ghost (adept OgIE)
 34834 | Snake:2  | Found a transporter.
 34897 | Snake:2  | Found Mesuap's Jewellery Boutique.
 34897 | Snake:2  | Found Powauc's Book Emporium.
 34898 | Snake:2  | Found Joomaty's Book Emporium.
 35575 | Snake:3  | Noticed Jorgrun
 35594 | Snake:3  | Killed Jorgrun
 35941 | Snake:3  | Reached XP level 19. HP: 119/161 MP: 30/33
 36278 | Snake:4  | Entered Level 4 of the Snake Pit
 36332 | Snake:4  | Received a gift from Okawaru
 36465 | Snake:4  | Received a gift from Okawaru
 36834 | Snake:4  | Received a gift from Okawaru
 37171 | Snake:4  | Received a gift from Okawaru
 37345 | Snake:4  | Got a serpentine rune of Zot
 37659 | Vaults:1 | Entered Level 1 of the Vaults
 38003 | Vaults:1 | Received a gift from Okawaru
 38506 | Vaults:1 | Received a gift from Okawaru
 38868 | Snake:2  | Bought a book of Blood for 448 gold pieces
 40065 | Vaults:2 | Found a large runed translucent door.
 40065 | Vaults:2 | Found a large runed translucent door.
 40065 | Vaults:2 | Found a large runed translucent door.
 40065 | Vaults:2 | Found a large runed translucent door.
 40065 | Vaults:2 | Found a large runed translucent door.
 40065 | Vaults:2 | Found a large runed translucent door.
 40065 | Vaults:2 | Found a large runed translucent door.
 40065 | Vaults:2 | Found a large runed translucent door.
 40065 | Vaults:2 | Noticed Oshuy's ghost (adept GrFi)
 40220 | Arena    | Entered the Arena
 40373 | Vaults:2 | Identified the +1 ring mail of Vehumet's Hope {rF+ Slay-4
                  | SInv}
 40613 | Vaults:2 | Reached XP level 20. HP: 170/170 MP: 24/34
 40613 | Vaults:2 | Received a gift from Okawaru
 40818 | Vaults:2 | Reached skill level 17 in Dodging
 41041 | Vaults:2 | Reached skill level 18 in Dodging
 41197 | Vaults:2 | Identified the +1 robe of Pipriuhu {+Blink} (Okawaru gifted
                  | it to you on level 2 of the Vaults)
 41197 | Vaults:2 | Received a gift from Okawaru
 41255 | Vaults:2 | Found Qasesh's Armour Emporium.
 41702 | Vaults:2 | Killed Oshuy's ghost
 41725 | Vaults:2 | Identified the +2 pair of gloves "Roagiel" {+Inv Str+3
                  | Slay-6}
 42067 | Vaults:3 | Reached skill level 19 in Dodging
 42225 | Vaults:3 | Paralysed by a sphinx for 5 turns
 42231 | Arena    | Entered the Arena
 42311 | Vaults:3 | Reached skill level 20 in Dodging
 42315 | Vaults:3 | Reached skill level 1 in Stealth
 42438 | Vaults:3 | You fall into a shaft and drop 1 floor!
 42457 | Arena    | Entered the Arena
 42631 | Vaults:4 | Reached skill level 5 in Stealth
 43008 | Vaults:4 | Reached XP level 21. HP: 177/177 MP: 17/35
 43051 | Arena    | Entered the Arena
 43358 | Vaults:4 | Received a gift from Okawaru
 43368 | Vaults:4 | Reached skill level 10 in Stealth
 43727 | Vaults:4 | Identified the +2 scale mail of Precision Catastrophes
                  | {Drain rElec rC++ Dex+3} (Okawaru gifted it to you on level
                  | 4 of the Vaults)
 43727 | Vaults:4 | Received a gift from Okawaru
 43926 | Vaults:4 | Found the +6 arbalest "Damnation" {damnation}
 44666 | Elf:1    | Entered Level 1 of the Elven Halls
 44709 | Elf:1    | Paralysed by an air elemental for 1 turns
 44969 | Elf:2    | Found a runed translucent gate.
 44970 | Elf:2    | Found a runed translucent gate.
 44970 | Elf:2    | Found a runed translucent gate.
 45339 | Elf:2    | HP: 1/177 [+1 scimitar of electrocution (20)]
 45502 | Elf:2    | Reached skill level 10 in Invocations
 45507 | Elf:2    | Found a runed translucent gate.
 45507 | Elf:2    | Found a runed translucent gate.
 45507 | Elf:2    | Found a runed translucent gate.
 45507 | Elf:2    | Found a runed translucent gate.
 45507 | Elf:2    | Found a runed translucent gate.
 45508 | Elf:2    | Found a runed translucent gate.
 45527 | Elf:2    | Learned a level 5 spell: Blade Hands
 45837 | Elf:1    | Received a gift from Okawaru
 46004 | Elf:1    | Found Putyicuant's Assorted Antiques.
 46108 | Elf:1    | Received a gift from Okawaru
 46451 | Elf:1    | Found Licsam's Antique Weapon Shoppe.
 46456 | Elf:1    | Found Vuig's Armour Shoppe.
 46501 | Elf:1    | Learned a level 7 spell: Dragon Form
 46650 | Elf:1    | Reached XP level 22. HP: 146/184 MP: 38/38
 47053 | Elf:3    | Entered Level 3 of the Elven Halls
 47323 | Elf:3    | Received a gift from Okawaru
 47537 | Elf:3    | Identified the +1 scale mail of Jihaon {Int+5 Slay+3}
 47880 | Elf:3    | Identified the +9 morningstar "Vallouk" {heavy, Dex+2}
 48144 | Elf:3    | Identified the +1 robe "Belip" {Will+ Str-4 Int+7}
 48151 | Elf:3    | Received a gift from Okawaru
 48247 | Elf:3    | Identified the +2 halberd of Woc Xill {heavy, rC+ Will+
                  | MP+9 Dex+4}
 48247 | Elf:3    | Identified the ring of the Ladybird {*Corrode rF++ rC+
                  | SInv}
 48339 | Elf:3    | Got the Grimoire of Transmutation and Glaciation
 48357 | Elf:3    | Identified the +0 trident of Vusatyd {venom, rC+ Stlth+}
 48798 | D:15     | Killed Louise
 49364 | D:15     | Found a staircase to the Depths.
 49369 | Depths:1 | Entered Level 1 of the Depths
 49385 | Depths:1 | Reached skill level 15 in Spellcasting
 49613 | Depths:1 | Received a gift from Okawaru
 49614 | Depths:1 | Reached skill level 5 in Ice Magic
 49670 | Depths:1 | Found a gateway to Hell.
 49821 | Depths:1 | Found a blossoming altar of Fedhas.
 50152 | Depths:1 | Found a one-way gate leading to the halls of Pandemonium.
 50329 | Depths:2 | Found a one-way gateway to a ziggurat.
 50353 | Arena    | Entered the Arena
 50390 | Arena    | Entered the Arena
 50435 | Depths:2 | Paralysed by a sphinx for 4 turns
 50442 | Depths:2 | Reached XP level 23. HP: 94/190 MP: 21/42
 50666 | Depths:2 | Reached skill level 10 in Ice Magic
 50705 | Depths:2 | Received a gift from Okawaru
 51038 | Depths:2 | Found Onioni's Antique Weapon Shoppe.
 51255 | Depths:2 | Found a transporter.
 51463 | Depths:3 | Identified the +1 scale mail of the Tormentor {rElec rPois
                  | rCorr}
 51469 | Depths:3 | Found a magical portal.
 51478 | WizLab   | Entered Borgnjor's Mausoleum
 51480 | WizLab   | Acquired 754 gold pieces
 52025 | Arena    | Entered the Arena
 52231 | Depths:3 | Found a corrupted altar of Lugonu.
 52403 | Depths:3 | Paralysed by a floating eye for 4 turns
 52421 | Arena    | Entered the Arena
 52474 | Depths:3 | Received a gift from Okawaru
 52476 | Depths:3 | Paralysed by a floating eye for 4 turns
 52803 | Depths:3 | You fall into a shaft and drop 1 floor!
 52803 | Depths:4 | Entered Level 4 of the Depths
 53130 | Depths:3 | Found a transporter.
 53510 | Depths:4 | Reached XP level 24. HP: 204/204 MP: 23/42
 53582 | Depths:4 | Received a gift from Okawaru
 53855 | Depths:4 | Found a glowing golden altar of the Shining One.
 54265 | Depths:4 | Found a gate to the Realm of Zot.
 54654 | Vaults:2 | Bought the scarf "Kiutsib" {rC+ rF+, Fly rElec Slay+3} for
                  | 763 gold pieces
 54944 | Slime:1  | Entered Level 1 of the Pits of Slime
 54978 | Slime:1  | Gained mutation: You sometimes lose your temper in combat.
                  | [a shining eye]
 54981 | Slime:1  | Gained mutation: You are frail. (-10% HP) [a shining eye]
 55076 | Slime:2  | Gained mutation: Your body sometimes deteriorates upon
                  | taking damage. [a shining eye]
 55080 | Slime:2  | Received a gift from Okawaru
 55162 | Slime:3  | Gained mutation: You are very frail. (-20% HP) [a shining
                  | eye]
 55212 | Slime:4  | Gained mutation: You are extremely frail. (-30% HP) [a
                  | shining eye]
 55233 | Slime:5  | Entered Level 5 of the Pits of Slime
 55382 | Slime:4  | Paralysed by a great orb of eyes for 4 turns
 55501 | Slime:5  | Noticed the Royal Jelly
 55583 | Slime:5  | Gained mutation: You are vulnerable to cold. (rC-) [a
                  | shining eye]
 55590 | Slime:5  | Gained mutation: You are dopey. (Int -2) [a shining eye]
 55593 | Slime:5  | Gained mutation: You have an uncontrollable temper. [a
                  | shining eye]
 55597 | Slime:5  | Gained mutation: You are occasionally teleported next to
                  | monsters. [a shining eye]
 55602 | Slime:5  | Gained mutation: Your body often deteriorates upon taking
                  | damage. [a shining eye]
 55604 | Slime:5  | Lost mutation: Your body often deteriorates upon taking
                  | damage. [a shining eye]
 55606 | Slime:5  | Gained mutation: You are very dopey. (Int -4) [a shining
                  | eye]
 55607 | Slime:5  | Gained mutation: You are weak. (Str -2) [a shining eye]
 55608 | Slime:5  | Gained mutation: Your body often deteriorates upon taking
                  | damage. [a shining eye]
 55609 | Slime:5  | Gained mutation: You are clumsy. (Dex -2) [a shining eye]
 55611 | Slime:5  | Gained mutation: Armour fits poorly on your strangely
                  | shaped body. [a shining eye]
 55644 | Slime:5  | Gained mutation: You are very clumsy. (Dex -4) [a shining
                  | eye]
 55647 | Slime:5  | Gained mutation: You have hidden genetic defects. [a
                  | shining eye]
 55651 | Slime:5  | Gained mutation: Your spells are a little easier to cast,
                  | but a little less powerful. [a shining eye]
 55652 | Slime:5  | Paralysed by a great orb of eyes for 4 turns
 55654 | Slime:5  | Gained mutation: You occasionally lose the ability to read
                  | scrolls when taking damage. [a shining eye]
 55664 | Slime:5  | Lost mutation: Your body often deteriorates upon taking
                  | damage. [potion of mutation]
 55664 | Slime:5  | Lost mutation: Your body sometimes deteriorates upon taking
                  | damage. [potion of mutation]
 55664 | Slime:5  | Lost mutation: You are extremely frail. (-30% HP) [potion
                  | of mutation]
 55707 | Slime:5  | Found a viscous altar of Jiyva.
 55709 | Slime:5  | Found the +8 Wrath of Trog {antimagic, *Rage Rampage}
 55750 | Slime:5  | Killed the Royal Jelly
 55810 | Slime:5  | Got a slimy rune of Zot
 55811 | Slime:5  | Identified the +2 ring mail "Tugeq" {Dex+4}
 55828 | Slime:5  | Identified the +0 leather armour of Uskayaw, Bedazzling
                  | {-Tele Harm Rampage rF++}
 55829 | Slime:5  | Identified the +0 ring mail "Niekheek" {+Inv rF+ Str+3
                  | Int-4}
 55855 | Slime:5  | Identified the +6 morningstar of Honour {heavy, Fly rC+
                  | Str+4}
 55975 | Lair:4   | Lost mutation: You are very clumsy. (Dex -4) [potion of
                  | mutation]
 55975 | Lair:4   | Lost mutation: You are occasionally teleported next to
                  | monsters. [potion of mutation]
 55975 | Lair:4   | Lost mutation: You are very frail. (-20% HP) [potion of
                  | mutation]
 55975 | Lair:4   | Gained mutation: You have terrible hidden genetic defects.
                  | [potion of mutation]
 55976 | Lair:4   | Lost mutation: You have terrible hidden genetic defects.
                  | [potion of mutation]
 55976 | Lair:4   | Lost mutation: You are frail. (-10% HP) [potion of
                  | mutation]
 55976 | Lair:4   | Lost mutation: Armour fits poorly on your strangely shaped
                  | body. [potion of mutation]
 55976 | Lair:4   | Lost mutation: You are very dopey. (Int -4) [potion of
                  | mutation]
 55976 | Lair:4   | Lost mutation: You have hidden genetic defects. [potion of
                  | mutation]
 55977 | Lair:4   | Lost mutation: You are weak. (Str -2) [potion of mutation]
 55977 | Lair:4   | Lost mutation: You occasionally lose the ability to read
                  | scrolls when taking damage. [potion of mutation]
 55977 | Lair:4   | Lost mutation: You have an uncontrollable temper. [potion
                  | of mutation]
 55977 | Lair:4   | Gained mutation: You are partially covered in iridescent
                  | scales. (AC +2) [potion of mutation]
 55977 | Lair:4   | Gained mutation: You have sharp fingernails. [potion of
                  | mutation]
 55977 | Lair:4   | Gained mutation: You are mostly covered in iridescent
                  | scales. (AC +4) [potion of mutation]
 55978 | Lair:4   | Lost mutation: You are clumsy. (Dex -2) [potion of
                  | mutation]
 55978 | Lair:4   | Lost mutation: You are vulnerable to cold. (rC-) [potion of
                  | mutation]
 55978 | Lair:4   | Gained mutation: Potions are less effective at restoring
                  | your health. [potion of mutation]
 55978 | Lair:4   | Gained mutation: Your movements are slightly less
                  | encumbered by armour. (ER -2) [potion of mutation]
 55978 | Lair:4   | Gained mutation: You have hidden genetic potential. [potion
                  | of mutation]
 55979 | Lair:4   | Lost mutation: You sometimes lose your temper in combat.
                  | [potion of mutation]
 55979 | Lair:4   | Lost mutation: Your movements are slightly less encumbered
                  | by armour. (ER -2) [potion of mutation]
 55979 | Lair:4   | Lost mutation: Your spells are a little easier to cast, but
                  | a little less powerful. [potion of mutation]
 55979 | Lair:4   | Gained mutation: You possess an exceptional clarity of
                  | mind. [potion of mutation]
 56222 | Vaults:3 | Found a portal to a secret trove of treasure.
 56236 | Vaults:3 | Found a large runed translucent door.
 56242 | Trove    | Entered a treasure trove
 56251 | Trove    | Identified the +1 lajatang of the Vine {heavy, rN+++ rCorr
                  | Str-4}
 56254 | Trove    | heh
 56263 | Vaults:3 | Found a large runed translucent door.
 56263 | Vaults:3 | Found a large runed translucent door.
 56264 | Vaults:3 | Found a large runed translucent door.
 56264 | Vaults:3 | Found a large runed translucent door.
 56264 | Vaults:3 | Found a large runed translucent door.
 56264 | Vaults:3 | Noticed Majang's ghost (adept TrFi)
 56265 | Vaults:3 | Found a large runed translucent door.
 56265 | Vaults:3 | Found a large runed translucent door.
 56350 | Vaults:3 | Reached skill level 21 in Dodging
 56541 | Vaults:3 | Noticed Bai Suzhen
 56544 | Vaults:3 | Killed Bai Suzhen
 56545 | Vaults:3 | Reached skill level 22 in Dodging
 56591 | Vaults:3 | Found a staircase to the Crypt.
 56828 | Vaults:3 | Reached skill level 23 in Dodging
 57126 | Vaults:3 | Reached XP level 25. HP: 214/214 MP: 33/44
 57130 | Vaults:3 | Killed Majang's ghost
 57242 | Crypt:1  | Entered Level 1 of the Crypt
 57416 | Crypt:1  | Reached skill level 24 in Dodging
 57573 | Crypt:1  | Reached skill level 25 in Dodging
 57810 | Crypt:1  | Acquired a There-And-Back Book
 57861 | Crypt:1  | Learned a level 6 spell: Dispersal
 58340 | Crypt:2  | Reached skill level 5 in Translocations
 58626 | Crypt:3  | Entered Level 3 of the Crypt
 58640 | Crypt:3  | Received a gift from Okawaru
 58995 | Crypt:3  | Found a staircase to the Tomb.
 59095 | Crypt:3  | Received a gift from Okawaru
 59174 | Crypt:3  | Found an ancient bone altar of Kikubaaqudgha.
 59338 | Crypt:3  | Gained mutation: Your natural rate of healing is unusually
                  | fast. [hidden potential]
 59373 | Crypt:3  | Identified the ring of Loixyrgh {Ice rElec rN+ Int+3}
 59515 | Crypt:3  | Found the +6 Majin-Bo {spellvamp, MP+6 Int+6}
 60254 | Zot:1    | Entered Level 1 of the Realm of Zot
 60265 | Zot:1    | Found a large runed translucent door.
 60266 | Zot:1    | Found a large runed translucent door.
 60269 | Zot:1    | Noticed Ivui's ghost (legendary GrMo)
 60269 | Zot:1    | Found the +3 pair of gauntlets of War {Slay+5}
 60338 | Zot:1    | Reached skill level 10 in Translocations
 60340 | Zot:1    | Received a gift from Okawaru
 60482 | Zot:1    | Killed Ivui's ghost
 60517 | Zot:1    | Identified the staff of fire "Zoamot" {Fly rF+ Str+6 Dex-2}
 60577 | Zot:1    | Reached XP level 26. HP: 222/222 MP: 38/44
 60960 | Zot:1    | Acquired the Monograph on the Vehement Birds
 61011 | Zot:1    | Identified the +0 robe of Twilight {Int+2 SInv}
 61320 | Zot:2    | Identified the +5 shortbow of Ihiet {drain, Int+2} (Okawaru
                  | gifted it to you on level 2 of the Realm of Zot)
 61320 | Zot:2    | Received a gift from Okawaru
 61599 | Zot:2    | Found a transporter.
 61647 | Zot:2    | Found a transporter.
 61664 | Zot:2    | Noticed an orb of fire
 61675 | Arena    | Entered the Arena
 61676 | Arena    | Gained mutation: Your magical capacity is low. (-10% MP)
                  | [an orb of fire]
 61677 | Arena    | Killed an orb of fire
 61705 | Arena    | Entered the Arena
 61902 | Zot:2    | Reached skill level 5 in Hexes
 62301 | Zot:3    | Gained mutation: You have great hidden genetic potential.
                  | [hidden potential]
 62301 | Zot:3    | Lost mutation: You have great hidden genetic potential.
                  | [hidden potential expressed]
 62420 | Zot:3    | Identified the ring "Boed" {rN+ Str+3 Int+3}
 62662 | Zot:3    | Reached skill level 10 in Hexes
 62664 | Arena    | Entered the Arena
 62665 | Arena    | Received a gift from Okawaru
 62982 | Zot:3    | Received a gift from Okawaru
 62982 | Zot:3    | Found the +2 hood of the Assassin {Detect Stab+ Stlth++}
 63001 | Zot:3    | Found the +4 dragonskin cloak
 63001 | Zot:3    | Noticed Tiamat
 63009 | Arena    | Entered the Arena
 63392 | Zot:3    | Noticed Vv
 63604 | Arena    | Entered the Arena
 63616 | Arena    | Killed Tiamat
 63792 | Zot:4    | Reached XP level 27. HP: 228/228 MP: 26/40
 64158 | Arena    | Entered the Arena
 64932 | Zot:5    | Entered Level 5 of the Realm of Zot
 65155 | Zot:5    | Learned a level 8 spell: Discord
 65636 | Zot:5    | Received a gift from Okawaru
 65724 | Zot:5    | Noticed a dread lich
 65737 | Zot:5    | Killed a dread lich
 65802 | Zot:5    | Noticed an orb of fire
 65803 | Zot:5    | Gained mutation: You occasionally lose the ability to read
                  | scrolls when taking damage. [mutagenic glow]
 65814 | Zot:5    | Killed an orb of fire
 65832 | Zot:5    | Reached skill level 15 in Hexes
 65903 | Zot:5    | Noticed an ancient lich
 65927 | Zot:5    | Killed an ancient lich
 65973 | Zot:5    | Noticed an orb of fire
 65983 | Zot:5    | Gained mutation: You are vulnerable to cold. (rC-) [an orb
                  | of fire]
 65985 | Zot:5    | Killed an orb of fire
 65987 | Zot:5    | Noticed an orb of fire
 65997 | Zot:5    | Killed an orb of fire
 66003 | Zot:5    | Identified the +2 quarterstaff of Defenestration {heavy,
                  | rF+ rC+ Str+6 Dex-3} (Okawaru gifted it to you on level 5
                  | of the Realm of Zot)
 66003 | Zot:5    | Received a gift from Okawaru
 66009 | Zot:5    | Gained mutation: Your system is resistant to poisons.
                  | (rPois) [hidden potential]
 66194 | Zot:5    | Noticed an orb of fire
 66195 | Zot:5    | Lost mutation: Your natural rate of healing is unusually
                  | fast. [an orb of fire]
 66196 | Zot:5    | Noticed an orb of fire
 66197 | Zot:5    | Noticed an orb of fire
 66197 | Zot:5    | Got the Orb of Zot
 66197 | Zot:5    | Noticed an orb of fire
 66198 | Zot:5    | Noticed an orb of fire
 66204 | Zot:5    | Gained mutation: You are weak. (Str -2) [an orb of fire]
 66209 | Zot:5    | Killed an orb of fire
 66211 | Zot:5    | Lost mutation: You possess an exceptional clarity of mind.
                  | [an orb of fire]
 66214 | Zot:5    | Killed an orb of fire
 66515 | D:11     | Noticed Quhies the pandemonium lord
 66529 | D:11     | Killed Quhies the pandemonium lord
 66560 | D:10     | Noticed a seraph
 66721 | D:$      | Escaped with the Orb!

Illustrated notes

##############
#))))))'.#...#
#)▓▓▓▓▓▓@#.∩.#
#)▓......'...#
#)▓......'...#
#)▓▓▓▓▓▓.#.∩.#
#))))))+.#...#
##############


Turn 56254 on Trove: heh

Levels and vault maps discovered:
D:1:      lightli_arrival_flooded_house, layout_rooms
D:2:      kennysheep_the_goblin_king, layout_loops_ring
D:3:      layout_rooms, nicolae_overflow_ecumenical_swirl, kennysheep_ying_yang,
          chequers_ecumenical_altar_simple_redux, cheibrodos_sewer_entry_bend,
          minmay_door_square, uniq_robin
D:4:      cheibrodos_thug_alley, layout_basic, dancing_weapons_uskayaw,
          serial_glass, glass_columns_b, glass_columns_a, nicolae_stop_n_shop_1,
          uniq_grinder
D:5:      layout_gridville, corexii_checkpoint_a
D:6:      layout_basic, mainiacjoe_overflow_six_doors_small, lemuel_round_altar,
          minmay_temple_entry_slanted, ebering_ghost_rock_garden,
          nicolae_grassy_gnolls, uniq_menkaure
D:7:      layout_layer_cave, minmay_misc_feat_chi, roderic_lattice_a, uniq_pikel
D:8:      layout_layer_cave, lemuel_coloured_pillars_altar, serial_shops,
          nicolae_shop_hallway_plus
D:9:      layout_long_grid, david_lair_shrubbed, erik_orc_1
D:10:     layout_loops_ring, hex_medium
D:11:     layout_roguey, special_room [special_room_orc], nicolae_water_bricks,
          the_hattery
D:12:     layout_stronghold, serial_shops, nicolae_shop_statue_plus,
          hellmonk_guarded_unrand_gong, uniq_maurice, uniq_sonja, uniq_nessos
D:13:     gammafunk_mikee_crab_dinner, layout_basic,
          grunt_vaults_entry_fortified
D:14:     layout_long_grid, serial_shops, nicolae_shop_waterfront,
          chequers_serial_rivers_micro_a, ashenzari_conservatory_becter,
          uniq_roxanne
D:15:     grunt_enter_depths_snipers, layout_loops_ring, uniq_louise
Temple:   eino_wide_crystal_templ
Lair:1:   layout_cave_pods, disabler_island
Lair:2:   layout_loops_ring, lemuel_oklob_altar, lemuel_fruit_fields
Lair:3:   layout_chaotic_city, nicolae_shoals_entry_flooding, dummy_snake_entry,
          st_stairs_4, dreamdust_wasp_nest, uniq_rupert
Lair:4:   layout_roguey, slime_entry_1, enter_volcano_1, basic_altar,
          grunt_megastairs_2
Lair:5:   hellmonk_lair_end_abyssal_woods, layout_hall_layers
Shoals:1: layout_shoals, st_sunken_huts
Shoals:2: layout_shoals, serial_shops, nicolae_shop_window_shopping
Shoals:3: layout_shoals, portal_ice_cave_entry_pillars_four,
          nicolae_shoals_c_island
Shoals:4: shoals_end_simple, layout_shoals, serial_shops, shop,
          nicolae_shoals_gull_way
Snake:1:  layout_gridlike, nrook_guardian_serpent_double, uniq_frances,
          uniq_donald, uniq_asterion
Snake:2:  layout_rooms, gammafunk_ghost_abyssal_escape, minmay_shop_grove
Snake:3:  layout_concentric_octagons, uniq_jorgrun
Snake:4:  minmay_snake_end_coiled, layout_misc_corridors
Slime:1:  layout_caves, nicolae_slime_phagocytosis
Slime:2:  layout_caves
Slime:3:  layout_caves
Slime:4:  layout_caves
Slime:5
Orc:1:    giant_chief_lemuel, layout_caves, nooodl_orcs_dogs, uniq_fannar,
          uniq_harold
Orc:2:    st_orc_rangers, layout_diamond_mine, serial_shops,
          nicolae_square_shop, nicolae_shop_waterfront, shop_fountains,
          nicolae_shop_temple_entry_statues_fountains, uniq_azrael, uniq_snorg
Elf:1:    minmay_elf_arrival_summoners, layout_onion_city, serial_shops,
          nicolae_shop_waterfront, hangedman_corner_corridor, st_stairs_3,
          minmay_shop_star
Elf:2:    nicolae_elf_blades_crystal_corner, layout_loops_corners,
          serial_sigils, serial_sigils_hangedman_writhe,
          serial_sigils_hangedman_gut, serial_sigils_hangedman_stare,
          serial_sigils_hangedman_scar, serial_sigils_hangedman_quiver,
          orc_legates
Elf:3:    elf_hall, layout_geoelf_octagon
Vaults:1: vaults_mumra_chevron, hangedman_vaults_corner, hangedman_vaults_trim,
          st_more_cells, nicolae_vaults_little_squares_2,
          nicolae_vaults_little_squares_5, vaults_room_pool,
          vaults_dpeg_diagonal, ontoclasm_vaults_decontamination,
          layout_vaults_quadrants
Vaults:2: advil_vaults_ghost_lines, vaults_room_fancy_cross, v_alt_pattern_2,
          st_check, v_rooms_5, vaults_room_door_hall, v_misc_17,
          nicolae_vaults_puzzle_piece, ontoclasm_vaults_chip, serial_ice_g,
          hangedman_vaults_restitches, vaults_dpeg_emergency_exit,
          layout_vaults_big_room, serial_shops, nicolae_shop_statue_plus
Vaults:3: advil_vaults_ghost_lines, minmay_crypt_entry_simple_statues,
          nicolae_vaults_network_star, vaults_room_large_hall, v_misc_12,
          nicolae_vaults_theta, st_lattice, nicolae_vaults_stairing_the_circle,
          v_misc_2, v_misc_10, v_misc_32, v_misc_23, layout_vaults_omnicross,
          nicolae_trove_entry_free_sample, uniq_bai_suzhen
Vaults:4: nicolae_vaults_little_squares_3, nicolae_vaults_specimen_jars,
          nicolae_vaults_big_ls, v_alt_pattern_4,
          nicolae_vaults_yaktaur_gun_rack, nicolae_vaults_an_arrangement,
          v_misc_10, hangedman_vaults_stitches, vaults_room_fours,
          nicolae_vaults_triangles, vaults_dpeg_encased_lava, layout_vaults_ring
Crypt:1:  layout_rooms, minmay_misc_feat_ornament, grunt_ministairs_15,
          nicolae_crypt_niches
Crypt:2:  layout_misc_corridors
Crypt:3:  church_of_pain_bobbens, layout_chaotic_city, item_on_display_a
Depths:1: layout_cave_pools, abyss_entry, hangedman_decor_growths,
          grunt_pan_entry_in_and_out, grunt_mini_vestibule, wad_floor_pattern_1,
          fedhas_altar_fruit_tree
Depths:2: minmay_textured_paths, layout_long_grid, enter_ziggurat_f,
          kennysheep_cross_room, serial_shops, nicolae_shop_crystal, pan_entry,
          hell_entry, nicolae_diode_basic
Depths:3: gammafunk_corrupted_shrine, layout_basic, abyss_entry_glasseish,
          mu_enter_wizlab_5, hell_entry, hangedman_decor_opposing,
          serial_bayou_shore_a, infiniplex_staircase_split_hallway
Depths:4: grunt_twist_and_shout, layout_twisted_cross,
          grunt_hell_entry_dis_grunt, tso_metal_star,
          hangedman_abyss_entry_splay
Zot:1:    layout_misc_corridors, ebering_ghost_disaster_area,
          st_large_dragon_hoard_1
Zot:2:    gammafunk_sealed_arena, layout_misc_corridors
Zot:3:    layout_gridlike, grunt_ministairs_2, uniq_tiamat, uniq_vv
Zot:4:    layout_twisted_circle, grunt_megastairs_5
Zot:5:    layout_onion

Skill      XL: |  1  2  3  4  5  6  7  8  9 10 11 12 13 14 15 16 17 18 19 20 21 22 23 24 25 26 27 |
---------------+----------------------------------------------------------------------------------+-----
Unarmed Combat | 4 5 7 10 14 18 19 21 | 21.9
Transmutations | 3 4 6 7 8 13 16 17 19 | 19.0
Poison Magic   | 1 3 6 7 |  7.0
Spellcasting   | 3 5 7 9 10 12 15 17 18 | 18.2
Ice Magic      | 4 8 12 | 12.0
Fighting       | 5 8 9 10 13 17 18 20 21 | 21.0
Invocations    | 5 9 12 | 12.0
Dodging        | 3 7 12 14 16 20 23 25 | 25.3
Shields        | 2 4 |  4.0
Translocations | 3 4 10 12 | 12.6
Throwing       | 4 5 |  5.0
Hexes          | 3 10 17 | 17.2
Stealth        | 8 11 | 11.3

Action                     |  1- 3 |  4- 6 |  7- 9 | 10-12 | 13-15 | 16-18 | 19-21 | 22-24 | 25-27 || total
---------------------------+-------+-------+-------+-------+-------+-------+-------+-------+-------++-------
  Melee: Unarmed           |    97 |   120 |   256 |   481 |   838 |  1215 |  1335 |  1262 |  1044 ||  6648
         Headbutt          |    13 |     2 |       |       |       |   150 |    60 |       |       ||   225
         Punch             |       |       |     3 |     1 |       |       |    20 |   250 |   204 ||   478
         Tailslap          |       |       |       |       |       |    81 |    79 |    55 |   218 ||   433
         Bite              |       |       |       |       |       |       |       |    27 |   155 ||   182
  Throw: Dart              |       |       |       |       |       |     5 |       |       |       ||     5
   Cast: Beastly Appendage |    24 |     5 |       |       |     5 |    34 |    13 |       |       ||    81
         Spider Form       |     2 |    10 |    28 |    11 |    24 |    15 |     1 |       |       ||    91
         Wereblood         |       |     2 |     5 |    26 |    24 |    15 |    34 |    39 |    31 ||   176
         Ice Form          |       |       |     9 |    37 |    49 |    22 |     7 |     1 |       ||   125
         Ozocubu's Armour  |       |       |       |     1 |     2 |     5 |    10 |     2 |       ||    20
         Alistair's Intoxi |       |       |       |       |     2 |    25 |    18 |     2 |     5 ||    52
         Eringya's Noxious |       |       |       |       |    14 |    80 |    65 |    19 |     1 ||   179
         Blink             |       |       |       |       |       |     3 |     4 |     1 |     8 ||    16
         Confusing Touch   |       |       |       |       |       |     2 |       |       |       ||     2
         Blade Hands       |       |       |       |       |       |       |     9 |    75 |    12 ||    96
         Dragon Form       |       |       |       |       |       |       |       |    16 |    68 ||    84
 Invoke: Heroism           |       |       |       |     6 |     4 |     8 |     6 |     7 |    10 ||    41
         Finesse           |       |       |       |     1 |     2 |     5 |     2 |     1 |       ||    11
         Duel              |       |       |       |       |     1 |     1 |     4 |     4 |     6 ||    16
Ability: End Transformatio |       |       |     1 |     2 |       |     2 |     3 |     2 |     7 ||    17
         Breathe Fire      |       |       |       |       |       |       |       |       |     1 ||     1
    Use: Scroll            |       |     3 |     6 |     6 |    12 |     8 |     3 |     9 |     8 ||    55
         Potion            |       |     3 |       |     1 |     5 |    14 |     5 |    14 |     3 ||    45
   Stab: Sleeping          |     2 |     1 |     1 |       |     2 |     2 |    16 |    10 |     8 ||    42
         Distracted        |       |       |       |       |     2 |       |     3 |     3 |     1 ||     9
         Confused          |       |       |       |       |     1 |     6 |    10 |     1 |     2 ||    20
 Armour: Robe              |    10 |     5 |     3 |     5 |       |       |       |       |       ||    23
         Skin              |       |    16 |    14 |    67 |    96 |    53 |    15 |    29 |   151 ||   441
         Troll leather arm |       |       |       |     1 |     5 |    94 |   141 |   144 |    34 ||   419
  Dodge: Dodged            |    36 |    90 |   138 |   278 |   554 |  1301 |  1191 |  1128 |   803 ||  5519
         Repelled          |       |       |       |       |       |    16 |    30 |    13 |       ||    59
  Block: Other             |    17 |    20 |    37 |    72 |   134 |     7 |       |       |       ||   287
         Reflection        |       |       |       |     3 |     7 |     1 |       |       |       ||    11
         Buckler           |       |       |       |     1 |    25 |   266 |   326 |    48 |    18 ||   684

Table legend: (Time is in decaauts)
 A = Elapsed time spent in this place.
 B = Non-inter-level travel time spent in this place.
 C = Inter-level travel time spent in this place.
 D = Time resting spent in this place.
 E = Time spent auto-exploring this place.
 F = Levels seen in this place.
 G = Mean time per level.
                   A        B        C        D        E       F      G
               +--------+--------+--------+--------+--------+-----+--------+
         Total |  63965 |  57970 |   5995 |   6124 |  36530 |  75 |  852.9 |
       Dungeon |  19282 |  16476 |   2806 |   1666 |  11527 |  15 | 1285.5 |
        Temple |     78 |     69 |      9 |      0 |     50 |   1 |   78.0 |
          Lair |   6559 |   5725 |    834 |    459 |   4334 |   5 | 1311.8 |
        Shoals |   3942 |   3799 |    143 |    754 |   1525 |   4 |  985.5 |
     Snake Pit |   4241 |   3816 |    425 |    307 |   2620 |   4 | 1060.2 |
    Slime Pits |    986 |    895 |     91 |    160 |     54 |   5 |  197.2 |
  Orcish Mines |   3357 |   3100 |    257 |    641 |   1579 |   2 | 1678.5 |
   Elven Halls |   3686 |   3509 |    177 |    198 |   2108 |   3 | 1228.7 |
        Vaults |   7205 |   6570 |    635 |    276 |   4848 |   4 | 1801.2 |
         Crypt |   2635 |   2542 |     93 |     80 |   1814 |   3 |  878.3 |
        Depths |   4407 |   4032 |    375 |    336 |   2804 |   4 | 1101.8 |
           Zot |   5605 |   5461 |    144 |    705 |   3065 |   5 | 1121.0 |
         Trove |     15 |     15 |      0 |      0 |      0 |   1 |   15.0 |
      Ice Cave |    635 |    635 |      0 |    315 |      0 |   1 |  635.0 |
       Volcano |    386 |    386 |      0 |      0 |      0 |   1 |  386.0 |
        Wizlab |    571 |    571 |      0 |     35 |    200 |   1 |  571.0 |
         Arena |    366 |    366 |      0 |    190 |      0 |  16 |   22.9 |
               +--------+--------+--------+--------+--------+-----+--------+

Top non-repeatable levels by time:
    D:13: 2854 daAuts
   Orc:1: 2259 daAuts
Vaults:1: 2013 daAuts
Vaults:2: 1929 daAuts
  Lair:5: 1872 daAuts
Vaults:4: 1808 daAuts
     D:9: 1700 daAuts
     D:8: 1618 daAuts
     D:5: 1506 daAuts
     D:7: 1456 daAuts
Vaults:3: 1454 daAuts
  Lair:3: 1414 daAuts
   Zot:3: 1396 daAuts
   Elf:3: 1339 daAuts
 Snake:1: 1336 daAuts
